 Dungeon Crawl Stone Soup version 0.31-a0-940-gdaa99269f9 (webtiles) character file.

Game seed: 12798391921459224967

648 Azuregosa the Covert (level 7, -5/46 HPs)
             Began as an Octopode Delver on Oct 20, 2023.
             Was a Believer of Qazlal.
             Slain by a gnoll
             ... wielding a +0 halberd
             ... led by a gnoll bouda
              (16 damage)
             ... on level 4 of the Dungeon.
             The game lasted 00:13:58 (3147 turns).

Azuregosa the Covert (Octopode Delver)              Turns: 3147, Time: 00:13:58

Health: -5/46      AC:  1    Str: 11    XL:     7   Next: 53%
Magic:  9/9        EV: 15    Int: 13    God:    Qazlal [**....]
Gold:   159        SH:  7    Dex: 15    Spells: 3/8 levels left

rFire   . . .        s - +2 quarterstaff (chaos)
rCold   . . .        (shield currently unavailable)
rNeg    . . .        (helmet restricted)
rPois   .            l - amulet of reflection
rElec   .            (no ring)
rCorr   .            (no ring)
SInv    .            (no ring)
Will    .....        (no ring)
Stlth   +++++        (no ring)
HPRegen 0.27/turn    (no ring)
MPRegen 0.11/turn    (no ring)
                     (no ring)

%: reflection
@: weakened
A: almost no armour, amphibious, 8 rings, camouflage 1, gelatinous body 1,
(nimble swimmer 1), tentacles
a: Renounce Religion, Upheaval


You were on level 4 of the Dungeon.
You worshipped Qazlal.
Qazlal was pleased with you.
You visited 1 branch of the dungeon, and saw 6 of its levels.

You collected 159 gold pieces.

Inventory:

Hand Weapons
 a - a +0 falchion
 q - a +2 whip of electrocution
 s - a +2 quarterstaff of chaos (weapon)
Missiles
 e - 2 boomerangs
 i - 45 stones
Jewellery
 l - an amulet of reflection (around mantle)
Wands
 d - a wand of polymorph (3)
 f - a wand of digging (3)
 j - a wand of flame (24)
 r - a wand of charming (4)
Scrolls
 b - 2 scrolls of fog
 h - 3 scrolls of enchant armour {unknown}
 k - 3 scrolls of identify {unknown}
 m - 3 scrolls of teleportation {unknown}
 n - 2 scrolls of revelation
 o - 2 scrolls of noise {unknown}
 t - a scroll of immolation {unknown}
Potions
 g - a potion of might {unknown}
 p - 2 potions of mutation {unknown}
 v - a potion of magic {unknown}


   Skills:
 - Level 3.0 Fighting
 - Level 2.0 Long Blades
 + Level 4.8 Dodging
 - Level 10.2 Stealth
 + Level 1.4 Spellcasting
 + Level 1.6 Transmutations
 + Level 2.2 Poison Magic


You had 3 spell levels left.
You knew the following spells:

 Your Spells              Type           Power      Damage    Failure   Level
a - Alistair's Intoxicat  Tmut/Pois      3%         N/A       98%         5

Your spell library contained the following spells:

 Spells                   Type           Power      Damage    Failure   Level
 Apportation              Tloc           0%         N/A       26%         1
 Necrotise                Necr           0%         1d4       26%         1
 Summon Small Mammal      Summ           0%         N/A       26%         1
 Jinxbite                 Hex            0%         N/A       38%         2


Dungeon Overview and Level Annotations

Branches:
Dungeon (6/15)             Temple (0/1) D:6

Altars:
Makhleb
Qazlal
Trog
Yredelemnul


Innate Abilities, Weirdness & Mutations

You cannot wear most types of armour.
You are amphibious.
You can wear up to eight rings at the same time.
Your skin changes colour to match your surroundings (Stealth+).
Your rubbery body absorbs attacks. (AC +1, EV +1)
((You are camouflaged when in or above water. (Stealth+)))
You have tentacles for arms and can constrict up to eight enemies at once.


Message History

Okay, then.
It was a potion of curing.
You feel better. You block the gnoll's attack.
You feel better. You block the gnoll's attack.
You feel better. The gnoll closely misses you.
You sock the gnoll! You burn the gnoll.
You kill the gnoll!
Qazlal accepts your kill.
You hit the phantom. You burn the phantom. You squeeze the phantom!
The phantom is moderately damaged.
You block the phantom's attack.
The gnoll bouda barks out a call to the hunt!
The gnoll picks up the pace!
The gnoll misses you. You block the phantom's attack.
You hear a shout!
You closely miss the phantom.
The phantom is moderately damaged.
The gnoll misses you. You block the phantom's attack.
The gnoll hits you from afar with a +0 halberd!
You hit the phantom but do no damage.
The phantom is moderately damaged.
The gnoll is no longer moving quickly.
The phantom hits you.
The phantom blinks!
You blink.
You closely miss the phantom. Your squeeze misses the phantom.
The phantom is moderately damaged.
The phantom closely misses you.
You barely miss the phantom.
The phantom is moderately damaged.
The phantom hits you.
* * * LOW HITPOINT WARNING * * *
The gnoll bouda gazes fiercely through you!
You feel your attacks grow feeble. The phantom hits you.
* * * LOW HITPOINT WARNING * * *
The gnoll bouda barks out a call to the hunt!
The gnoll picks up the pace!
You hit the phantom.
The phantom seems to speed up.
Your squeeze misses the phantom.
The phantom is heavily damaged.
The gnoll hits you from afar with a +0 halberd!
You die...

...g.. ... # .#..#
g. # ....... #.#
...#g# ...
########..#.#..
#.. ......... .#
#.# #....#..####
#.# #..........
#@# ###)#########
#W# #.........#
#g####.........#
#o##...†.[.....#
#)##.......#####
#g##.......# ##
#g##....)..# ####.
#.##...g...# #....
#.##.......###.###


You could see a phantom (fast), a gnoll bouda, 2 gnolls and an orc.

Vanquished Creatures
  Sigmund (D:2)
  An ogre (D:4)
  A hound (D:4)
  Jessica (D:3)
  An iguana (D:4)
  Crazy Yiuf (D:2)
  Natasha (twice) (D:4)
  3 orc wizards (D:4)
  Robin (D:2)
  3 gnolls
  4 adders
  2 worms
  2 dart slugs
  7 orcs
  4 bats
  5 endoplasms
  6 giant cockroaches
  14 goblins
  6 hobgoblins
  7 kobolds
  4 quokkas
  6 ball pythons
  4 frilled lizards
  5 rats (D:1)
91 creatures vanquished.

Notes
Turn   | Place    | Note
-------+----------+-------------------------------------------
     0 | D:5      | Azuregosa the Octopode Delver began the quest for the Orb.
     0 | D:5      | Reached XP level 1. HP: 16/16 MP: 1/1
     2 | D:6      | Noticed a sleepcap
    25 | D:6      | Noticed a wight
    25 | D:6      | Noticed a wight
    25 | D:6      | Noticed a wight
    26 | D:6      | Noticed a wight
    59 | D:5      | Noticed an ice beast
    78 | D:5      | Noticed a black bear
   117 | D:4      | Reached skill level 7 in Stealth
   121 | D:4      | Reached XP level 2. HP: 15/21 MP: 2/2
   261 | D:4      | Reached skill level 8 in Stealth
   261 | D:4      | Reached XP level 3. HP: 6/26 MP: 3/3
   375 | D:3      | Found a basalt altar of Yredelemnul.
   375 | D:3      | Noticed Jessica
   379 | D:3      | Killed Jessica
   380 | D:3      | Reached XP level 4. HP: 31/31 MP: 4/4
   431 | D:4      | Reached skill level 9 in Stealth
   461 | D:4      | Reached XP level 5. HP: 5/36 MP: 5/5
   743 | D:2      | Reached skill level 10 in Stealth
  1037 | D:1      | Found a faded altar of an unknown god.
  1054 | D:1      | Prayed at the altar of an unknown god.
  1054 | D:1      | Became a worshipper of Qazlal Stormbringer
  1054 | D:1      | Reached * piety under Qazlal
  1803 | D:2      | Reached XP level 6. HP: 42/42 MP: 6/6
  1846 | D:2      | Noticed Sigmund
  1855 | D:2      | Killed Sigmund
  2208 | D:2      | Got A Tutorial on the Histories of Mysteries
  2220 | D:2      | Learned a level 5 spell: Alistair's Intoxication
  2254 | D:2      | Noticed Robin
  2264 | D:2      | Killed Robin
  2266 | D:2      | Reached ** piety under Qazlal
  2357 | D:2      | Found a runed translucent door.
  2358 | D:2      | Noticed Crazy Yiuf
  2464 | D:2      | Killed Crazy Yiuf
  2465 | D:2      | Reached XP level 7. HP: 34/46 MP: 7/7
  2700 | D:3      | Reached skill level 1 in Poison Magic
  2828 | D:3      | Found a bloodstained altar of Trog.
  3039 | D:4      | Found a burning altar of Makhleb.
  3091 | D:4      | Reached skill level 1 in Spellcasting
  3091 | D:4      | Reached skill level 1 in Transmutations
  3098 | D:4      | Noticed Natasha
  3104 | D:4      | Killed Natasha
  3109 | D:4      | Noticed Natasha
  3114 | D:4      | Killed Natasha
  3147 | D:4      | Slain by a gnoll

Illustrated notes

Levels and vault maps discovered:
D:1:      shiori_arrival_whats_in_store_for_you, layout_basic,
          ebering_ecumenical_altar_webs, minmay_tromino_v2
D:2:      layout_loops_ring, minivault_11, uniq_crazy_yiuf_cottage, uniq_robin,
          uniq_sigmund
D:3:      layout_rooms, mainiacjoe_overflow_chevrons,
          mainiacjoe_overflow_surrounded_room, uniq_jessica
D:4:      layout_basic, amcnicky_altar_gilded, uniq_natasha
D:5:      kennysheep_big_flooded_room, layout_cave_pools,
          hangedman_decor_diamond_cutter, uniq_blork_the_orc
D:6:      layout_basic, lemuel_coloured_pillars_altar, okawaru_metal_pillars_3,
          minmay_temple_entry_mist, uniq_maggie

Skill      XL: |  1  2  3  4  5  6  7 |
---------------+----------------------+-----
Stealth        | 7 8 9 10 | 10.2
Dodging        | 4 |  4.8
Poison Magic   | 2 |  2.2
Spellcasting   | 1 |  1.4
Transmutations | 1 |  1.6
Fighting       | |  3.0
Long Blades    | |  2.0

Action                     |  1- 3 |  4- 6 |  7- 9 || total
---------------------------+-------+-------+-------++-------
  Melee: Falchion          |    30 |   127 |       ||   157
         Tentacles         |     8 |    31 |     4 ||    43
         Constrict         |     7 |    33 |     4 ||    44
         Punch             |       |     2 |       ||     2
         Whip              |       |     1 |       ||     1
         Quarterstaff      |       |       |    26 ||    26
  Evoke: Wand              |       |       |     5 ||     5
    Use: Scroll            |     2 |       |     1 ||     3
         Potion            |       |     1 |     3 ||     4
   Stab: Sleeping          |     3 |     9 |       ||    12
         Distracted        |       |     1 |       ||     1
 Armour: Skin              |    12 |    57 |    20 ||    89
  Dodge: Dodged            |    18 |    58 |    25 ||   101
  Block: Other             |       |    28 |    14 ||    42

Table legend: (Time is in decaauts)
 A = Elapsed time spent in this place.
 B = Non-inter-level travel time spent in this place.
 C = Inter-level travel time spent in this place.
 D = Time resting spent in this place.
 E = Time spent auto-exploring this place.
 F = Levels seen in this place.
 G = Mean time per level.
                   A        B        C        D        E       F      G
               +--------+--------+--------+--------+--------+-----+--------+
         Total |   3172 |   3123 |     49 |    522 |   1564 |   6 |  528.7 |
       Dungeon |   3172 |   3123 |     49 |    522 |   1564 |   6 |  528.7 |
               +--------+--------+--------+--------+--------+-----+--------+

Top non-repeatable levels by time:
     D:2: 1003 daAuts
     D:1: 811 daAuts
     D:4: 757 daAuts
     D:3: 487 daAuts
     D:5: 75 daAuts
     D:6: 36 daAuts
